 Dungeon Crawl Stone Soup version 0.27.1 (webtiles) character file.

Game seed: 14559688125109167580

168 ZARRMARR the Insei (level 5, 0/34 HPs)
             Began as an Octopode Transmuter on Sept 4, 2021.
             Slain by Ijyb (7 damage)
             ... on level 4 of the Dungeon.
             The game lasted 00:07:39 (3288 turns).

ZARRMARR the Insei (Octopode Transmuter)            Turns: 3288, Time: 00:07:39

Health: 0/34       AC:  1    Str: 10    XL:     5   Next: 49%
Magic:  8/9        EV: 13    Int: 16    God:
Gold:   165        SH:  0    Dex: 12    Spells: 8/9 levels left

rFire    . . .     SeeInvis .     - Unarmed
rCold    . . .     Faith    .   (no shield)
rNeg     . . .     Spirit   .   (helmet currently unavailable)
rPois    .         Reflect  .   (no amulet)
rElec    .         Harm     .   (no ring)
rCorr    .         Rampage  .   (no ring)
Will     .....                  (no ring)
Stlth    +++.......             (no ring)
HPRegen  0.11/turn              (no ring)
MPRegen  0.11/turn              (no ring)
                                (no ring)
                                (no ring)

@: appendages (expiring)
A: tentacle spike 3, almost no armour, amphibious, 8 rings, camouflage 1,
gelatinous body 1, (nimble swimmer 1), tentacles
a: End Transformation


You were on level 4 of the Dungeon.
One of your tentacles had grown a beastly spike.
You visited 1 branch of the dungeon, and saw 4 of its levels.

You collected 165 gold pieces.

Inventory:

Scrolls
 e - a scroll of magic mapping
 f - a scroll of enchant weapon {unknown}
 g - a scroll of vulnerability
Potions
 b - a potion of might {unknown}
 c - a potion of flight {unknown}
 d - a potion of invisibility {unknown}
 h - 2 potions of curing {unknown}


   Skills:
 + Level 2.2 Fighting
 + Level 2.7 Dodging
 + Level 2.9 Stealth
 + Level 3.6 Unarmed Combat
 + Level 2.6 Spellcasting
 + Level 2.8 Transmutations


You had 8 spell levels left.
You knew the following spells:

 Your Spells              Type           Power      Damage    Failure   Level
a - Beastly Appendage     Tmut           22%        N/A       6%          1

Your spell library contained the following spells:

 Spells                   Type           Power      Damage    Failure   Level
 Wereblood                Tmut           11%        N/A       10%         2
 Passwall                 Tmut/Erth      5%         N/A       17%         2
 Sandblast                Erth           4%         2d4       21%         1
 Spider Form              Tmut/Pois      3%         N/A       32%         3
 Ice Form                 Ice/Tmut       6%         N/A       73%         4
 Lee's Rapid Deconstruct  Erth           1%         3d5*      99%         5


Dungeon Overview and Level Annotations

Branches:
Dungeon (4/15)
 Temple: D:4-7

Altars:
Ashenzari
Cheibriados
Elyvilon
Okawaru

Annotations:
D:2 Sigmund
D:4 Ijyb


Innate Abilities, Weirdness & Mutations

One of your tentacles has grown a beastly spike.
You cannot wear most types of armour.
You are amphibious.
You can wear up to eight rings at the same time.
Your skin changes colour to match your surroundings (Stealth+).
Your rubbery body absorbs attacks. (AC +1, EV +1)
((You are camouflaged near water. (Stealth+)))
You have tentacles for arms and can constrict up to eight enemies at once.


Message History

Ijyb closely misses you.
You tentacle-slap Ijyb but do no damage.
Your grab misses Ijyb.
Your tentacle spike misses Ijyb.
Ijyb is lightly wounded.
Ijyb hits you with a +0 club.
You tentacle-slap Ijyb. Your grab misses Ijyb.
Ijyb is moderately wounded.
Ijyb barely misses you.
You tentacle-slap Ijyb but do no damage.
Your grab misses Ijyb.
You pierce Ijyb, but do no damage.
Your squeeze misses Ijyb.
Ijyb is moderately wounded.
Ijyb misses you.
You barely miss Ijyb. Your grab misses Ijyb.
Ijyb is moderately wounded.
Your transformation is almost over.
Ijyb hits you with a +0 club.
You bludgeon Ijyb! You grab Ijyb.
You pierce Ijyb, but do no damage.
You squeeze Ijyb.
Ijyb is severely wounded.
You constrict Ijyb, but do no damage.
Ijyb screams, "Level is mine!
All mine!"
Ijyb hits you with a +0 club!
You tentacle-slap Ijyb but do no damage.
Ijyb is severely wounded.
You constrict Ijyb, but do no damage. Ijyb hits you with a +0 club.
You tentacle-slap Ijyb but do no damage.
Your tentacle spike misses Ijyb.
Ijyb is severely wounded.
You constrict Ijyb. Ijyb hits you with a +0 club.
You tentacle-slap Ijyb but do no damage.
You squeeze Ijyb.
Ijyb is almost dead.
You constrict Ijyb, but do no damage. Ijyb hits you with a +0 club.
* * * LOW HITPOINT WARNING * * *
You tentacle-slap Ijyb. Your squeeze misses Ijyb.
Ijyb is almost dead.
You constrict Ijyb, but do no damage. The kobold barely misses you.
Ijyb hits you with a +0 club!
You die...

# ...# ####.## ### ...
....... ...# ..#
....... #... ...
....... ##...##.#
#.##... ."(...#.# ####
.... .. .......l# ...
#...... ..#.#g#..#
...... #.#.#@#..#
...##.. #.#.K....#
#..##..#####.##..#..###
...
............>......# .#
#......#.......... .#
#.......[.##..##.. .###
#......#..# ......
..<####......#..# ####.
.............#..# .


You could see Ijyb, an iguana and a kobold.

Vanquished Creatures
  Jessica (D:2)
  2 scorpion zombies (D:4)
  A hound zombie (D:4)
  3 adders
  An adder zombie (D:4)
  4 orcs
  3 ball pythons
  4 endoplasms (D:1)
  2 giant cockroaches
  4 goblins
  4 hobgoblins
  4 kobolds
  2 quokkas
  3 bats (D:1)
  2 frilled lizards (D:1)
  5 rats
45 creatures vanquished.

Notes
Turn   | Place    | Note
-------+----------+-------------------------------------------
     0 | D:1      | ZARRMARR the Octopode Transmuter began the quest for the
                  | Orb.
     0 | D:1      | Reached XP level 1. HP: 13/13 MP: 3/3
   181 | D:1      | Reached XP level 2. HP: 14/18 MP: 1/5
   305 | D:1      | Reached skill level 1 in Stealth
  1041 | D:2      | Noticed Jessica
  1047 | D:2      | Killed Jessica
  1048 | D:2      | Reached XP level 3. HP: 10/23 MP: 4/6
  1327 | D:2      | Noticed Sigmund
  1335 | D:2      | Reached XP level 4. HP: 19/29 MP: 5/7
  1339 | D:2      | Found a snail-covered altar of Cheibriados.
  2703 | D:3      | Found a broken altar of Ashenzari.
  2704 | D:3      | Found an iron altar of Okawaru.
  2704 | D:3      | Found a white marble altar of Elyvilon.
  2716 | D:3      | Found a faded altar of an unknown god.
  2993 | D:4      | Reached XP level 5. HP: 16/34 MP: 8/8
  3270 | D:4      | Noticed Ijyb
  3288 | D:4      | Slain by Ijyb

Illustrated notes

Levels and vault maps discovered:
D:1:      dpeg_arrival_tiny_c, layout_rooms, corexii_leaking_fountain
D:2:      layout_loops_ring, basic_altar, uniq_sigmund, uniq_jessica
D:3:      layout_rooms, chequers_temple_overflow_statue_of_worship,
          dreamdust_ecumenical_altar_hidden_monk_grotto
D:4:      layout_basic, amcnicky_altar_gilded, mainiacjoe_overflow_tiny_flanked,
          serial_undead, serial_undead_b, serial_undead_c, serial_undead_a,
          serial_undead_d, uniq_ijyb

Skill      XL: |  1  2  3  4 |
---------------+-------------+-----
Stealth        | 2 |  2.9
Fighting       | 2 |  2.2
Dodging        | |  2.7
Unarmed Combat | |  3.6
Spellcasting   | |  2.6
Transmutations | |  2.8

Action                   |  1- 3 |  4- 6 || total
-------------------------+-------+-------++-------
Melee: Unarmed           |    44 |    86 ||   130
       Tentacles         |     9 |    13 ||    22
       Constrict         |    10 |    19 ||    29
       Kick              |    10 |    25 ||    35
       Punch             |       |     3 ||     3
 Cast: Beastly Appendage |    16 |    18 ||    34
  Use: Scroll            |     1 |     2 ||     3
       Potion            |       |     1 ||     1
 Stab: Sleeping          |    10 |     2 ||    12
Armor: Skin              |     1 |     4 ||     5
Dodge: Dodged            |    17 |    58 ||    75
